 Dungeon Crawl Stone Soup version 0.17-a0-1887-g3e50df6 (webtiles) character file.

275 GodEmperorLeto the Twirler (level 6, -5/48 HPs)
             Began as a Demonspawn Gladiator on Sept 24, 2015.
             Slain by an ogre
             ... wielding a +0 giant club
              (27 damage)
             ... on level 5 of the Dungeon.
             The game lasted 00:13:26 (2601 turns).

GodEmperorLeto the Twirler (Demonspawn Gladiator)   Turns: 2601, Time: 00:13:26

Health: -5/48      AC:  7    Str: 16    XL:     6   Next: 3%
Magic:  6/6        EV: 12    Int:  9    God:
Gold:   155        SH:  0    Dex: 15    Spells: 0 memorised, 5 levels left

rFire  . . .     SeeInvis .     a - +0 quarterstaff
rCold  + . .     Clarity  .     B - +2 robe {rC+}
rNeg   . . .     SustAt   .     (no shield)
rPois  .         Gourm    .     c - +0 helmet
rElec  .         Spirit   .     A - +0 cloak
rCorr  .         Warding  .     E - +0 pair of gloves
rMut   .         Stasis   .     (no boots)
MR     .....                    (no amulet)
Stlth  +.........               (no ring)
                                (no ring)

@: very slightly contaminated, glowing, drained, not resistant to hostile
enchantments, very unstealthy
A: talons 1, powered by death 2
a: no special abilities


You were on level 5 of the Dungeon.
You were hungry.

You visited 1 branch of the dungeon, and saw 5 of its levels.

You collected 155 gold pieces.

Inventory:

Hand weapons
 a - a +0 quarterstaff (weapon)
 f - a +3 dagger
 h - a +1 mace of draining
 x - a +0 dagger of flaming
Missiles
 d - 3 throwing nets
 j - 233 stones (quivered)
 o - 14 sling bullets
 r - 14 poisoned needles
 v - 3 curare-tipped needles
Armour
 b - a +0 leather armour
 c - a +0 helmet (worn)
 y - a +1 chain mail of magic resistance
 A - a +0 cloak (worn)
 B - a +2 robe of cold resistance (worn)
 C - a +2 shield
 E - a +0 pair of gloves (worn)
 G - a +1 ring mail of magic resistance
Scrolls
 i - 2 scrolls of noise {unknown}
 l - 2 scrolls of immolation {unknown}
 n - 2 scrolls of random uselessness {unknown}
 p - a scroll of remove curse {unknown}
 q - 3 scrolls of teleportation {unknown}
 u - 2 scrolls of enchant weapon {unknown}
 D - a scroll of recharging {unknown}
 F - a scroll of amnesia {unknown}
 I - a scroll of identify {unknown}
Potions
 k - 3 potions of lignification {unknown}
 s - a potion of resistance {unknown}
 w - a potion of brilliance {unknown}
 z - 2 potions of mutation {unknown}
Comestibles
 e - a bread ration
 m - 3 fruits
 t - a beef jerky


   Skills:
 + Level 3.7(2.7) Fighting
 * Level 5.3(4.3) Staves
 - Level 1.7(0.8) Throwing
 - Level 2.7(1.7) Dodging


You had 5 spell levels left.
You didn't know any spells.

Dungeon Overview and Level Annotations

Branches:
Dungeon (5/15)
 Temple: D:4-7

Altars:
Kikubaaqudgha
Makhleb
Qazlal
Ru
Trog
Vehumet

Annotations:
D:4 Final's ghost, average MiBe
D:5 tablen's ghost, average OpWn


Innate Abilities, Weirdness & Mutations

You have sharp toenails.
You regenerate health from kills.


Message History

You barely miss tablen's ghost. Your kick misses tablen's ghost.
Tablen's ghost hits you.
You feel drained.
You closely miss tablen's ghost. Tablen's ghost barely misses you.
Read which item? (? for menu, Esc to quit)
Blink to where?
Press: ? - help, Dir - move target cursor, p - tablen's ghost You are very lightly contaminated with residual magic.
As you read the scroll labeled KUNITA SAHIECS, it crumbles to dust.
It was a scroll of blinking.
Found 14 bolts.
A jackal skeleton comes into view.
The worker ant bites you but does no damage.
You open the door. The worker ant barely misses you.
There is an open door here.
An ogre comes into view. It is wielding a giant club.
The ogre shouts!
The worker ant bites you but does no damage.
The ogre hits you with a giant club!!
Ouch! That really hurt!
You die...

#.# #########
#.# #.......#
#.###.......#
+...........#
(#.######'####
#.(.(((W.<#W#
##.#.######.#
..........#a#
..# ..(...Z@.#
....
#........O#
.Z.
##........# ##
#.####+#.# #
... .### .


You could see an ogre, a worker ant, tablen's ghost and a jackal skeleton.

Vanquished Creatures
  2 orc priests (D:3)
  Ijyb (D:2)
  A hound (D:4)
  A giant frog skeleton (D:4)
  6 adders
  A giant gecko (D:4)
  8 orcs (D:3)
  2 ball pythons
  9 bats
  6 giant cockroaches
  8 hobgoblins
  3 jackals (D:4)
  2 quokkas
  4 giant newts
  13 goblins
  5 kobolds
  7 rats
79 creatures vanquished.

Notes
Turn   | Place    | Note
--------------------------------------------------------------
     0 | D:1      | GodEmperorLeto the Demonspawn Gladiator began the quest for the Orb.
     0 | D:1      | Reached XP level 1. HP: 16/16 MP: 1/1
    64 | D:1      | Reached skill level 3 in Staves
   123 | D:1      | Gained mutation: You regenerate a little health from kills. [demonic ancestry]
   123 | D:1      | Reached XP level 2. HP: 20/22 MP: 2/2
   484 | D:2      | Found a stormy altar of Qazlal.
   524 | D:2      | Reached XP level 3. HP: 21/28 MP: 3/3
   608 | D:2      | Found a radiant altar of Vehumet.
   636 | D:2      | Found an ancient bone altar of Kikubaaqudgha.
   691 | D:2      | Noticed Ijyb
   720 | D:2      | Killed Ijyb
   720 | D:2      | Reached skill level 4 in Staves
   720 | D:2      | Reached XP level 4. HP: 25/34 MP: 4/4
   740 | D:2      | Found a burning altar of Makhleb.
   740 | D:2      | Noticed a cacodemon
  1257 | D:3      | Gained mutation: You have sharp toenails. [demonic ancestry]
  1257 | D:3      | Reached XP level 5. HP: 22/41 MP: 5/5
  1332 | D:3      | Reached skill level 5 in Staves
  1658 | D:3      | Found a bloodstained altar of Trog.
  2315 | D:4      | Found a sacrificial altar of Ru.
  2391 | D:4      | Gained mutation: You regenerate health from kills. [demonic ancestry]
  2391 | D:4      | Reached XP level 6. HP: 35/48 MP: 6/6
  2500 | D:4      | Noticed Final's ghost (average MiBe)
  2525 | D:5      | Entered Level 5 of the Dungeon
  2573 | D:5      | Noticed tablen's ghost (average OpWn)
  2601 | D:5      | Slain by an ogre

Vault maps used:
D:1:      dpeg_arrival_short_road
D:2:      kiku_gazebo_garden_becter, nicolae_overflow_crystal_walls,
          lemuel_crystal_altar, makhleb_altar_promises_db, uniq_iyjb
D:3:      trog_hazing_becter
D:4:      nicolae_ru_the_path_less_chosen, serial_bayou_lake_a
D:5:      kennysheep_mini, lemuel_temple_firewalk, first_bread,
          nicolae_gozag_zags_fifth_avenue, uniq_sigmund, uniq_prince_ribbit1,
          uniq_blork_the_orc

Action                   |  1- 3 |  4- 6 || total
-------------------------+-------+-------++-------
Melee: Quarterstaff      |   116 |   147 ||   263
Throw: Stone             |       |    10 ||    10
  Use: Scroll            |       |     1 ||     1
 Stab: Sleeping          |     1 |     1 ||     2
  Eat: Chunk             |       |     5 ||     5
